Devils vs Eagles
Created - January 20, 2022 at 19:03
Goals
|
| Devils |
0 |
2 |
1 |
0 |
3 |
| Eagles |
0 |
1 |
2 |
1 |
4 |
|
Shots
|
| Devils |
7 |
7 |
13 |
1 |
28 |
| Eagles |
9 |
9 |
12 |
1 |
31 |
|
1st period
No Goal
Penalties :
Joel Edmundson (Col) for Hooking (Minor) at 19:59
2nd period
1. Devils , Sam Bennett 9 (Sven Baertschi 8, Logan Shaw 18) at 4:55 (PP)
2. Eagles , Dmitrij Jaskin 12 (Jonathan Marchessault 13, Daniel Carr 14) at 16:45
3. Devils , Dalton Thrower 2 (Brett Seney 5, Reid Boucher 2) at 17:54
Penalties :
Chris Calhan (Col) for Hooking (Minor) at 4:40, Daniel Carr (Col) for Interference (Minor) at 5:18, Dmitrij Jaskin (Col) for Interference (Minor) at 12:36
3rd period
4. Eagles , Joseph Blandisi 6 (Stefan Elliott 13, Joel Edmundson 9) at 0:59
5. Devils , Darren Dietz 2 (Valeri Nichushkin 4, Calvin Pickard) at 3:27 (PP)
6. Eagles , Tomas Tatar 12 (Drake Caggiula 11) at 18:57 (PP)
Penalties :
Zach Aston-Reese (Col) for Hooking (Minor) at 2:43, Joonas Donskoi (Bin) for Roughing (Minor) at 6:38, Sam Bennett (Bin) for Hooking (Minor) at 12:19, Reid Boucher (Bin) for Hooking (Minor) at 18:55
Overtime #1
7. Eagles , Stefan Elliott 2 (Joel Edmundson 10, Daniel Carr 15) at 0:48
Penalties :
No Penalty
Goalie Stats
Calvin Pickard (Bin), 27 saves from 31 shots - (0.871), OTL, 5-9-1, 60:48 minutes
Marek Mazanek (Col), 25 saves from 28 shots - (0.893), W, 10-2-1, 60:36 minutes
Players Stats for Devils
Player Name G A P +/- PIM S H SB GA TA FO MP PP MP PK MP
------------------------------------------------------------------------------------
Alan Quine 0 0 0 -2 0 2 0 0 1 0 5/12 17:29 3:15 1:40
Ben Hutton 0 0 0 0 0 3 2 0 1 3 0/0 26:47 4:34 2:19
Brandon Carlo 0 0 0 0 0 1 0 1 1 0 0/0 26:47 4:34 2:19
Brett Howden 0 0 0 -1 0 0 0 0 0 0 1/5 7:27 0:00 0:00
Brett Seney 0 1 1 1 0 1 0 0 1 0 0/0 14:06 0:00 1:25
Christian Wolanin 0 0 0 -1 0 0 1 0 1 0 0/0 13:03 2:22 0:00
Conor Garland 0 0 0 1 0 2 1 0 0 0 0/0 12:35 0:00 0:00
Dalton Thrower 1 0 1 -1 0 3 1 1 0 0 0/0 16:58 0:00 1:41
Darren Dietz 1 0 1 -1 0 2 0 2 0 0 0/0 20:14 2:22 1:41
Ilya Lyubushkin 0 0 0 -1 0 0 1 0 0 1 0/0 9:47 0:00 0:00
Jake Bean 0 0 0 0 0 0 0 0 0 0 0/0 4:00 0:00 0:00
Jonny Brodzinski 0 0 0 -1 0 4 2 0 1 0 0/0 7:27 0:00 0:00
Joonas Donskoi 0 0 0 -1 2 1 3 0 1 1 0/0 15:12 3:15 0:00
Logan Shaw 0 1 1 0 0 2 2 0 1 0 0/1 20:36 3:41 0:19
Mason Marchment 0 0 0 -1 0 0 1 1 1 0 0/0 7:27 0:00 0:00
Reid Boucher 0 1 1 1 2 0 1 0 0 0 0/10 12:47 0:00 0:00
Robbie Russo 0 0 0 0 0 0 0 0 0 0 0/0 4:00 0:00 0:00
Sam Bennett 1 0 1 0 2 2 2 0 0 0 17/35 21:59 3:41 0:58
Sven Baertschi 0 1 1 0 0 2 1 0 1 1 1/1 23:13 3:41 2:13
Valeri Nichushkin 0 1 1 -2 0 3 2 0 0 0 2/3 17:15 3:15 1:25
Players Stats for Eagles
Player Name G A P +/- PIM S H SB GA TA FO MP PP MP PK MP
------------------------------------------------------------------------------------
Anthony Duclair 0 0 0 0 0 1 1 0 0 0 0/0 6:40 0:00 1:38
Chris Calhan 0 0 0 1 2 0 0 1 1 1 0/0 13:01 0:00 0:00
Connor Carrick 0 0 0 0 0 2 0 0 0 2 0/0 10:11 0:00 0:22
Daniel Carr 0 2 2 1 2 4 1 0 3 0 6/7 25:46 2:07 2:50
Dmitrij Jaskin 1 0 1 1 2 5 0 3 0 1 0/0 19:08 2:07 0:57
Drake Caggiula 0 1 1 -1 0 0 2 0 0 0 6/13 17:27 1:53 0:55
Jared McCann 0 0 0 0 0 0 0 0 0 1 2/3 5:16 0:00 0:14
Joel Edmundson 0 2 2 2 2 1 1 3 0 0 0/0 25:32 2:37 3:03
John Ramage 0 0 0 0 0 0 2 1 0 0 0/0 19:37 1:23 2:47
Jonathan Marchessault 0 1 1 1 0 1 0 2 0 0 20/33 20:03 2:07 1:51
Jonathan Racine 0 0 0 0 0 0 0 0 0 0 0/0 4:59 0:00 0:00
Joseph Blandisi 1 0 1 1 0 4 2 0 0 0 1/1 13:00 0:00 0:00
Keaton Middleton 0 0 0 0 0 0 0 0 0 0 0/0 0:00 0:00 0:00
Mark Friedman 0 0 0 0 0 0 0 0 0 0 0/0 4:59 0:00 0:00
Matteson Iacopelli 0 0 0 -1 0 1 1 1 0 0 0/0 16:32 1:53 0:00
Max Lajoie 0 0 0 0 0 0 0 0 0 0 0/0 0:58 0:00 0:58
Michael Dal Colle 0 0 0 0 0 0 0 0 0 0 0/0 0:00 0:00 0:00
Pius Suter 0 0 0 0 0 0 0 0 0 0 0/1 1:42 0:00 1:40
Ryan Murphy 0 0 0 0 0 1 1 1 1 1 0/0 19:09 1:23 2:33
Sam Steel 0 0 0 1 0 0 0 0 0 0 0/0 0:31 0:00 0:00
Stefan Elliott 1 1 2 2 0 4 4 4 0 3 0/0 26:37 2:37 4:09
Tomas Tatar 1 0 1 -1 0 3 1 1 1 0 0/0 21:00 1:53 3:47
Tyler Motte 0 0 0 1 0 0 0 0 0 0 0/0 1:29 0:00 0:00
Xavier Ouellet 0 0 0 0 0 0 0 0 0 0 0/0 9:35 0:00 0:00
Zach Aston-Reese 0 0 0 1 2 4 0 0 0 1 6/9 12:59 0:00 0:00
3 Stars
1 - Stefan Elliott (Col)
2 - Joseph Blandisi (Col)
3 - Joel Edmundson (Col)
Power Play
Devils - 2 on 5 Attempt(s) - 40.00%
Eagles - 1 on 3 Attempt(s) - 33.33%
Penalty Kill
Devils - 2 on 3 Attempt(s) - 66.67%
- Score 0 goal in Penalty Kill
Eagles - 3 on 5 Attempt(s) - 60.00%
- Score 0 goal in Penalty Kill
Team Stat
Devils - Hits : 20 - Faceoff Wins : 26 - Blocked Shots : 5 - Penalty Minutes : 6
Eagles - Hits : 16 - Faceoff Wins : 41 - Blocked Shots : 17 - Penalty Minutes : 10
Official
Referees : Ian Walsh and Wes McCauley
Linesman : Libor Suchanek and Steve Miller
Game Notes
No Game Note
Finance
Level 1 -- Attendance: 1916 (95.80%) -- Ticket Income $67,060
Level 2 -- Attendance: 855 (85.50%) -- Ticket Income $12,825
Total Attendance: 2771 (92.37%)
Total Ticket Income: $79,885
Other Income: $3,994
Total Income: $83,879
Devils
5 vs 5 Forward
Center Left Wing Right Wing Time % Phy DF OF
1 Sam Bennett Sven Baertschi Logan Shaw 40 0 2 3
2 Alan Quine Valeri Nichushkin Joonas Donskoi 30 0 2 3
3 Reid Boucher Brett Seney Conor Garland 20 0 2 3
4 Brett Howden Mason Marchment Jonny Brodzinski 10 0 2 3
5 vs 5 Defense
Defense Defense Time % Phy DF OF
1 Brandon Carlo Ben Hutton 40 0 3 2
2 Darren Dietz Dalton Thrower 30 0 3 2
3 Ilya Lyubushkin Christian Wolanin 20 0 3 2
4 Robbie Russo Jake Bean 10 0 3 2
PowerPlay Forward
Center Left Wing Right Wing Time % Phy DF OF
1 Sam Bennett Sven Baertschi Logan Shaw 60 0 1 4
2 Alan Quine Valeri Nichushkin Joonas Donskoi 40 0 1 4
PowerPlay Defense
Defense Defense Time % Phy DF OF
1 Brandon Carlo Ben Hutton 60 0 2 3
2 Darren Dietz Christian Wolanin 40 0 2 3
Penalty Kill 4 Players Forward
Center Wing Time % Phy DF OF
1 Sam Bennett Sven Baertschi 60 1 4 0
2 Alan Quine Logan Shaw 40 1 4 0
Penalty Kill 4 Players Defense
Defense Defense Time % Phy DF OF
1 Brandon Carlo Ben Hutton 60 1 4 0
2 Darren Dietz Dalton Thrower 40 1 4 0
Penalty Kill - 3 Players Forward
Forward Time % Phy DF OF
1 Sam Bennett 60 1 3 1
2 Alan Quine 40 1 3 1
Penalty Kill - 3 Players Defense
Defense Defense Time % Phy DF OF
1 Brandon Carlo Ben Hutton 60 1 4 0
2 Darren Dietz Dalton Thrower 40 1 4 0
4 vs 4 Forward
Center Wing Time % Phy DF OF
1 Sam Bennett Sven Baertschi 60 0 2 3
2 Alan Quine Valeri Nichushkin 40 0 2 3
4 vs 4 Defense
Defense Defense Time % Phy DF OF
1 Brandon Carlo Ben Hutton 60 0 3 2
2 Darren Dietz Dalton Thrower 40 0 3 2
Last Minutes Offensive
Center Left Wing Right Wing Defense Defense
Sam Bennett Sven Baertschi Logan Shaw Brandon Carlo Ben Hutton
Last Minutes Defensive
Center Left Wing Right Wing Defense Defense
Sam Bennett Sven Baertschi Logan Shaw Brandon Carlo Ben Hutton
Goaltenders
Starting : Calvin Pickard
Backup : Juuse Saros
Extra Forwards
Normal : Valeri Nichushkin, Alan Quine, Reid Boucher - PP : Valeri Nichushkin, Alan Quine - PK : Valeri Nichushkin
Extra Defensemen
Normal : Robbie Russo, Christian Wolanin, Jake Bean - PP : Robbie Russo - PK : Robbie Russo, Christian Wolanin
Penalty Shots
Logan Shaw, Sven Baertschi, Sam Bennett, Joonas Donskoi, Valeri Nichushkin
Scratches
Cristiano Digiacinto (Healthy), Vincent Desharnais (Healthy)
Eagles
5 vs 5 Forward
Center Left Wing Right Wing Time % Phy DF OF
1 Jonathan Marchessault Daniel Carr Dmitrij Jaskin 40 1 2 2
2 Drake Caggiula Tomas Tatar Matteson Iacopelli 30 1 2 2
3 Zach Aston-Reese Joseph Blandisi Chris Calhan 20 1 2 2
4 Jared McCann Anthony Duclair Daniel Carr 10 1 2 2
5 vs 5 Defense
Defense Defense Time % Phy DF OF
1 Joel Edmundson Stefan Elliott 40 1 2 2
2 John Ramage Ryan Murphy 30 1 2 2
3 Connor Carrick Xavier Ouellet 20 1 2 2
4 Jonathan Racine Mark Friedman 10 1 2 2
PowerPlay Forward
Center Left Wing Right Wing Time % Phy DF OF
1 Jonathan Marchessault Daniel Carr Dmitrij Jaskin 60 1 2 2
2 Drake Caggiula Tomas Tatar Matteson Iacopelli 40 1 2 2
PowerPlay Defense
Defense Defense Time % Phy DF OF
1 Joel Edmundson Stefan Elliott 60 1 2 2
2 John Ramage Ryan Murphy 40 1 2 2
Penalty Kill 4 Players Forward
Center Wing Time % Phy DF OF
1 Daniel Carr Tomas Tatar 60 1 2 2
2 Jonathan Marchessault Dmitrij Jaskin 40 1 2 2
Penalty Kill 4 Players Defense
Defense Defense Time % Phy DF OF
1 Joel Edmundson Stefan Elliott 60 1 2 2
2 John Ramage Ryan Murphy 40 1 2 2
Penalty Kill - 3 Players Forward
Forward Time % Phy DF OF
1 Daniel Carr 60 1 2 2
2 Tomas Tatar 40 1 2 2
Penalty Kill - 3 Players Defense
Defense Defense Time % Phy DF OF
1 Joel Edmundson Stefan Elliott 60 1 2 2
2 John Ramage Ryan Murphy 40 1 2 2
4 vs 4 Forward
Center Wing Time % Phy DF OF
1 Daniel Carr Tomas Tatar 60 1 2 2
2 Jonathan Marchessault Dmitrij Jaskin 40 1 2 2
4 vs 4 Defense
Defense Defense Time % Phy DF OF
1 Joel Edmundson Stefan Elliott 60 1 2 2
2 John Ramage Ryan Murphy 40 1 2 2
Last Minutes Offensive
Center Left Wing Right Wing Defense Defense
Jonathan Marchessault Daniel Carr Dmitrij Jaskin Joel Edmundson Stefan Elliott
Last Minutes Defensive
Center Left Wing Right Wing Defense Defense
Jonathan Marchessault Daniel Carr Dmitrij Jaskin Joel Edmundson Stefan Elliott
Goaltenders
Starting : Marek Mazanek
Backup : Antoine Bibeau
Extra Forwards
Normal : Tyler Motte, Sam Steel, Pius Suter - PP : Tyler Motte, Sam Steel - PK : Pius Suter
Extra Defensemen
Normal : Keaton Middleton, Max Lajoie, Connor Carrick - PP : Keaton Middleton - PK : Max Lajoie, Connor Carrick
Penalty Shots
Daniel Carr, Tomas Tatar, Jonathan Marchessault, Dmitrij Jaskin, Drake Caggiula
Scratches
Dominik Kubalik (Healthy), Pascal Laberge (Healthy), Adin Hill (Healthy)
% Time on Ice - Devils
Lines # - Real PCT - Wanted PCT - Time Play
Normal Forward
1 - 35% - 40% - 17:09
2 - 24% - 30% - 11:53
3 - 26% - 20% - 12:35
4 - 15% - 10% - 7:27
Normal Defense
1 - 39% - 40% - 19:20
2 - 33% - 30% - 15:57
3 - 20% - 20% - 9:47
4 - 8% - 10% - 4:00
PP Forward
1 - 53% - 60% - 3:41
2 - 47% - 40% - 3:15
PP Defense
1 - 66% - 60% - 4:34
2 - 34% - 40% - 2:22
PK Forward
1 - 92% - 60% - 3:41
2 - 8% - 40% - 0:19
PK Defense
1 - 58% - 60% - 2:19
2 - 42% - 40% - 1:41
PK3 Forward
1 - 0% - 60%
2 - 0% - 40%
PK3 Defense
1 - 0% - 60%
2 - 0% - 40%
44 Forward
1 - 100% - 60% - 0:48
2 - 0% - 40% - 0:00
44 Defense
1 - 71% - 60% - 0:34
2 - 29% - 40% - 0:14
Last Minute Offensive - 0:00
Last Minute Defensive - 0:00
Total
Forward - 60:48
Defense - 60:48
|
% Time on Ice - Eagles
Lines # - Real PCT - Wanted PCT - Time Play
Normal Forward
1 - 33% - 40% - 16:02
2 - 31% - 30% - 15:00
3 - 26% - 20% - 13:00
4 - 10% - 10% - 5:02
Normal Defense
1 - 39% - 40% - 19:17
2 - 31% - 30% - 15:13
3 - 20% - 20% - 9:35
4 - 10% - 10% - 4:59
PP Forward
1 - 53% - 60% - 2:07
2 - 47% - 40% - 1:53
PP Defense
1 - 65% - 60% - 2:37
2 - 35% - 40% - 1:23
PK Forward
1 - 73% - 60% - 5:05
2 - 27% - 40% - 1:51
PK Defense
1 - 63% - 60% - 4:23
2 - 37% - 40% - 2:33
PK3 Forward
1 - 0% - 60%
2 - 0% - 40%
PK3 Defense
1 - 0% - 60%
2 - 0% - 40%
44 Forward
1 - 100% - 60% - 0:48
2 - 0% - 40% - 0:00
44 Defense
1 - 100% - 60% - 0:48
2 - 0% - 40% - 0:00
Last Minute Offensive - 0:00
Last Minute Defensive - 0:00
Total
Forward - 60:48
Defense - 60:48
|
Play-by-Play
1st period
0:01 of 1st period - Jonathan Marchessault wins face-off versus Sam Bennett in neutral zone.
0:36 of 1st period - Wrist shot by Tomas Tatar.
0:36 of 1st period - Shot Misses the Net.
1:18 of 1st period - Darren Dietz is hit by Anthony Duclair and loses puck.
1:25 of 1st period - Wrist shot by Anthony Duclair.
1:25 of 1st period - Stopped by Calvin Pickard without a rebound.
1:26 of 1st period - Sam Bennett wins face-off versus Drake Caggiula in Devils zone.
1:53 of 1st period - Daniel Carr is hit by Valeri Nichushkin.
2:35 of 1st period - Snap shot by Daniel Carr.
2:35 of 1st period - Stopped by Calvin Pickard with a rebound.
2:37 of 1st period - Slapshot by Daniel Carr.
2:37 of 1st period - Shot Misses the Net.
2:39 of 1st period - Wrist shot by Daniel Carr.
2:39 of 1st period - Deflect By Anthony Duclair.
2:39 of 1st period - Shot Misses the Net.
2:39 of 1st period - Puck is out of play.
2:40 of 1st period - Jared McCann wins face-off versus Sam Bennett in Devils zone.
2:41 of 1st period - Snap shot by Daniel Carr.
2:41 of 1st period - Shot Misses the Net.
4:21 of 1st period - Snap shot by Zach Aston-Reese.
4:21 of 1st period - Stopped by Calvin Pickard with a rebound.
4:33 of 1st period - Conor Garland is hit by Drake Caggiula and loses puck.
4:40 of 1st period - Slapshot by Robbie Russo.
4:40 of 1st period - Shot Misses the Net.
4:42 of 1st period - Slapshot by Brett Seney.
4:42 of 1st period - Shot Misses the Net.
5:17 of 1st period - Wrist shot by Jonny Brodzinski.
5:17 of 1st period - Shot Misses the Net.
6:13 of 1st period - John Ramage is hit by Jonny Brodzinski and loses puck.
6:43 of 1st period - Wrist shot by Conor Garland.
6:43 of 1st period - Stopped by Marek Mazanek with a rebound.
6:45 of 1st period - Snap shot by Dalton Thrower.
6:45 of 1st period - Stopped by Marek Mazanek without a rebound.
6:46 of 1st period - Drake Caggiula wins face-off versus Reid Boucher in Eagles zone.
7:23 of 1st period - Sam Bennett is hit by Joel Edmundson and loses puck.
7:54 of 1st period - Wrist shot by Joonas Donskoi.
7:54 of 1st period - Deflect By Alan Quine.
7:54 of 1st period - Stopped by Marek Mazanek with a rebound.
8:10 of 1st period - Snap shot by Jonathan Marchessault.
8:10 of 1st period - Shot Misses the Net.
8:23 of 1st period - Icing by Jonathan Racine.
8:24 of 1st period - Zach Aston-Reese wins face-off versus Brett Howden in Eagles zone.
8:58 of 1st period - Logan Shaw is hit by Ryan Murphy and loses puck.
9:15 of 1st period - Wrist shot by Alan Quine.
9:15 of 1st period - Shot Misses the Net.
9:17 of 1st period - Snap shot by Valeri Nichushkin.
9:17 of 1st period - Stopped by Marek Mazanek without a rebound.
9:18 of 1st period - Alan Quine wins face-off versus Jonathan Marchessault in Eagles zone.
9:32 of 1st period - Slapshot by Dmitrij Jaskin.
9:32 of 1st period - Stopped by Calvin Pickard with a rebound.
9:42 of 1st period - Drake Caggiula is hit by Sam Bennett and loses puck.
10:27 of 1st period - Snap shot by Jonny Brodzinski.
10:27 of 1st period - Stopped by Marek Mazanek with a rebound.
10:59 of 1st period - Wrist shot by Tomas Tatar.
10:59 of 1st period - Stopped by Calvin Pickard with a rebound.
11:21 of 1st period - Snap shot by Conor Garland.
11:21 of 1st period - Stopped by Marek Mazanek with a rebound.
11:54 of 1st period - Chris Calhan is hit by Jonny Brodzinski and loses puck.
12:46 of 1st period - Wrist shot by Joseph Blandisi.
12:46 of 1st period - Stopped by Calvin Pickard with a rebound.
13:11 of 1st period - Wrist shot by Zach Aston-Reese.
13:11 of 1st period - Deflect By Sven Baertschi.
13:11 of 1st period - Stopped by Calvin Pickard without a rebound.
13:12 of 1st period - Alan Quine wins face-off versus Jonathan Marchessault in Devils zone.
13:17 of 1st period - Snap shot by Valeri Nichushkin.
13:17 of 1st period - Shot Misses the Net.
13:37 of 1st period - Connor Carrick is hit by Ben Hutton.
15:07 of 1st period - Slapshot by Joseph Blandisi.
15:07 of 1st period - Shot Blocked by Darren Dietz.
15:19 of 1st period - Tomas Tatar is hit by Dalton Thrower and loses puck.
15:57 of 1st period - Icing by Daniel Carr.
15:58 of 1st period - Zach Aston-Reese wins face-off versus Reid Boucher in Eagles zone.
16:03 of 1st period - Snap shot by Zach Aston-Reese.
16:03 of 1st period - Shot Misses the Net.
16:20 of 1st period - Brandon Carlo is hit by Joseph Blandisi and loses puck.
16:56 of 1st period - Icing by Joseph Blandisi.
16:57 of 1st period - Zach Aston-Reese wins face-off versus Sam Bennett in Eagles zone.
17:09 of 1st period - Slapshot by Joseph Blandisi.
17:09 of 1st period - Stopped by Calvin Pickard without a rebound.
17:10 of 1st period - Sam Bennett wins face-off versus Jonathan Marchessault in Devils zone.
17:10 of 1st period - Sam Bennett is hit by John Ramage.
17:24 of 1st period - Dmitrij Jaskin is hit by Sven Baertschi and loses puck.
17:35 of 1st period - John Ramage is hit by Joonas Donskoi and loses puck.
18:48 of 1st period - Wrist shot by Alan Quine.
18:48 of 1st period - Shot Misses the Net.
18:51 of 1st period - Icing by Mark Friedman.
18:52 of 1st period - Jared McCann wins face-off versus Alan Quine in Eagles zone.
18:52 of 1st period - Jared McCann is hit by Joonas Donskoi.
19:12 of 1st period - Slapshot by Ben Hutton.
19:12 of 1st period - Shot Blocked by John Ramage.
19:14 of 1st period - Snap shot by Sam Bennett.
19:14 of 1st period - Stopped by Marek Mazanek with a rebound.
19:40 of 1st period - Snap shot by Joseph Blandisi.
19:40 of 1st period - Stopped by Calvin Pickard without a rebound.
19:41 of 1st period - Alan Quine wins face-off versus Zach Aston-Reese in Devils zone.
19:41 of 1st period - Alan Quine is hit by Joseph Blandisi.
19:59 of 1st period - Minor Penalty to Joel Edmundson for Hooking.
Goals for this period are 0 for Devils vs 0 for Eagles.
Shots for this period are 7 for Devils vs 9 for Eagles.
Goals for this period are 0 for Devils vs 0 for Eagles.
Shots for this period are 7 for Devils vs 9 for Eagles.
2nd period
0:01 of 2nd period - Daniel Carr wins face-off versus Sam Bennett in neutral zone.
0:34 of 2nd period - Alan Quine is hit by Daniel Carr.
1:22 of 2nd period - Stefan Elliott is hit by Logan Shaw and loses puck.
1:43 of 2nd period - Ben Hutton is hit by Drake Caggiula and loses puck.
1:59 of 2nd period - Penalty to Joel Edmundson is over, Joel Edmundson is back on ice.
2:08 of 2nd period - Wrist shot by Zach Aston-Reese.
2:08 of 2nd period - Shot Misses the Net.
2:10 of 2nd period - Wrist shot by Zach Aston-Reese.
2:10 of 2nd period - Shot Misses the Net.
2:12 of 2nd period - Slapshot by Connor Carrick.
2:12 of 2nd period - Stopped by Calvin Pickard without a rebound.
2:13 of 2nd period - Jonathan Marchessault wins face-off versus Reid Boucher in Devils zone.
2:25 of 2nd period - Wrist shot by Brett Seney.
2:25 of 2nd period - Deflect By Reid Boucher.
2:25 of 2nd period - Shot Blocked by Dmitrij Jaskin.
2:25 of 2nd period - Puck is out of play.
2:26 of 2nd period - Sam Bennett wins face-off versus Drake Caggiula in Eagles zone.
2:48 of 2nd period - Icing by Joel Edmundson.
2:49 of 2nd period - Jonathan Marchessault wins face-off versus Reid Boucher in Eagles zone.
2:49 of 2nd period - Jonathan Marchessault is hit by Conor Garland.
3:04 of 2nd period - Icing by Brett Seney.
3:05 of 2nd period - Jonathan Marchessault wins face-off versus Reid Boucher in Devils zone.
3:36 of 2nd period - Slapshot by Ben Hutton.
3:36 of 2nd period - Shot Misses the Net.
3:38 of 2nd period - Slapshot by Brandon Carlo.
3:38 of 2nd period - Deflect By Sven Baertschi.
3:38 of 2nd period - Shot Misses the Net.
3:38 of 2nd period - Puck is out of play.
3:39 of 2nd period - Drake Caggiula wins face-off versus Sam Bennett in Eagles zone.
4:10 of 2nd period - Darren Dietz is hit by Stefan Elliott and loses puck.
4:13 of 2nd period - Snap shot by Valeri Nichushkin.
4:13 of 2nd period - Stopped by Marek Mazanek without a rebound.
4:14 of 2nd period - Sam Bennett wins face-off versus Jonathan Marchessault in Eagles zone.
4:21 of 2nd period - Wrist shot by Logan Shaw.
4:21 of 2nd period - Shot Misses the Net.
4:40 of 2nd period - Minor Penalty to Chris Calhan for Hooking.
4:41 of 2nd period - Daniel Carr wins face-off versus Sam Bennett in Eagles zone.
4:53 of 2nd period - Snap shot by Sven Baertschi.
4:53 of 2nd period - Shot Hit the Post.
4:55 of 2nd period - Wrist shot by Sam Bennett.
4:55 of 2nd period - Goal by Sam Bennett - Devils : 1 - Eagles : 0.
4:56 of 2nd period - Jonathan Marchessault wins face-off versus Sam Bennett in neutral zone.
5:01 of 2nd period - Ben Hutton is hit by Stefan Elliott and loses puck.
5:18 of 2nd period - Minor Penalty to Daniel Carr for Interference.
5:19 of 2nd period - Sam Bennett wins face-off versus Pius Suter in Eagles zone.
7:18 of 2nd period - Penalty to Daniel Carr is over, Daniel Carr is back on ice.
7:47 of 2nd period - Icing by Jonny Brodzinski.
7:48 of 2nd period - Jonathan Marchessault wins face-off versus Reid Boucher in Devils zone.
8:05 of 2nd period - John Ramage is hit by Reid Boucher and loses puck.
8:36 of 2nd period - Wrist shot by Dmitrij Jaskin.
8:36 of 2nd period - Stopped by Calvin Pickard without a rebound.
8:37 of 2nd period - Sam Bennett wins face-off versus Drake Caggiula in Devils zone.
8:46 of 2nd period - Snap shot by Matteson Iacopelli.
8:46 of 2nd period - Shot Misses the Net.
9:24 of 2nd period - Snap shot by Matteson Iacopelli.
9:24 of 2nd period - Stopped by Calvin Pickard without a rebound.
9:25 of 2nd period - Brett Howden wins face-off versus Drake Caggiula in Devils zone.
9:50 of 2nd period - Joel Edmundson is hit by Logan Shaw and loses puck.
10:39 of 2nd period - Snap shot by Stefan Elliott.
10:39 of 2nd period - Stopped by Calvin Pickard with a rebound.
11:40 of 2nd period - Slapshot by Alan Quine.
11:40 of 2nd period - Shot Misses the Net.
12:16 of 2nd period - Off-side.
12:17 of 2nd period - Zach Aston-Reese wins face-off versus Reid Boucher in neutral zone.
12:28 of 2nd period - Slapshot by Zach Aston-Reese.
12:28 of 2nd period - Stopped by Calvin Pickard without a rebound.
12:29 of 2nd period - Sven Baertschi wins face-off versus Jonathan Marchessault in Devils zone.
12:29 of 2nd period - Sven Baertschi is hit by Stefan Elliott.
12:36 of 2nd period - Minor Penalty to Dmitrij Jaskin for Interference.
12:37 of 2nd period - Sam Bennett wins face-off versus Daniel Carr in Eagles zone.
12:37 of 2nd period - Snap shot by Logan Shaw.
12:37 of 2nd period - Shot Blocked by Tomas Tatar.
12:39 of 2nd period - Slapshot by Ben Hutton.
12:39 of 2nd period - Deflect By Logan Shaw.
12:39 of 2nd period - Shot Misses the Net.
12:39 of 2nd period - Puck is out of play.
12:40 of 2nd period - Daniel Carr wins face-off versus Logan Shaw in Eagles zone.
12:49 of 2nd period - Slapshot by Stefan Elliott.
12:49 of 2nd period - Stopped by Calvin Pickard without a rebound.
12:50 of 2nd period - Daniel Carr wins face-off versus Sam Bennett in Devils zone.
12:53 of 2nd period - Snap shot by Daniel Carr.
12:53 of 2nd period - Shot Misses the Net.
12:55 of 2nd period - Wrist shot by Tomas Tatar.
12:55 of 2nd period - Shot Misses the Net.
14:36 of 2nd period - Penalty to Dmitrij Jaskin is over, Dmitrij Jaskin is back on ice.
15:23 of 2nd period - Slapshot by Ben Hutton.
15:23 of 2nd period - Shot Misses the Net.
16:03 of 2nd period - Wrist shot by Zach Aston-Reese.
16:03 of 2nd period - Deflect By Chris Calhan.
16:03 of 2nd period - Shot Misses the Net.
16:03 of 2nd period - Puck is out of play.
16:04 of 2nd period - Valeri Nichushkin wins face-off versus Zach Aston-Reese in Devils zone.
16:21 of 2nd period - Logan Shaw is hit by Stefan Elliott and loses puck.
16:37 of 2nd period - Slapshot by Stefan Elliott.
16:37 of 2nd period - Deflect By Zach Aston-Reese.
16:37 of 2nd period - Stopped by Calvin Pickard without a rebound.
16:38 of 2nd period - Jonathan Marchessault wins face-off versus Alan Quine in Devils zone.
16:39 of 2nd period - Snap shot by Dmitrij Jaskin.
16:39 of 2nd period - Deflect By Jonathan Marchessault.
16:39 of 2nd period - Shot Blocked by Dalton Thrower.
16:39 of 2nd period - Puck is out of play.
16:40 of 2nd period - Jonathan Marchessault wins face-off versus Alan Quine in Devils zone.
16:45 of 2nd period - Wrist shot by Dmitrij Jaskin.
16:45 of 2nd period - Goal by Dmitrij Jaskin - Devils : 1 - Eagles : 1.
16:46 of 2nd period - Jonathan Marchessault wins face-off versus Sam Bennett in neutral zone.
17:19 of 2nd period - Off-side.
17:20 of 2nd period - Jonathan Marchessault wins face-off versus Alan Quine in neutral zone.
17:35 of 2nd period - Wrist shot by Jonathan Marchessault.
17:35 of 2nd period - Stopped by Calvin Pickard with a rebound.
17:50 of 2nd period - Snap shot by Brett Seney.
17:50 of 2nd period - Shot Misses the Net.
17:52 of 2nd period - Wrist shot by Brett Seney.
17:52 of 2nd period - Stopped by Marek Mazanek with a rebound.
17:54 of 2nd period - Slapshot by Dalton Thrower.
17:54 of 2nd period - Goal by Dalton Thrower - Devils : 2 - Eagles : 1.
17:55 of 2nd period - Sam Bennett wins face-off versus Jonathan Marchessault in neutral zone.
18:11 of 2nd period - Snap shot by Jonathan Marchessault.
18:11 of 2nd period - Shot Misses the Net.
18:23 of 2nd period - Tomas Tatar is hit by Ben Hutton and loses puck.
18:28 of 2nd period - Slapshot by Joonas Donskoi.
18:28 of 2nd period - Stopped by Marek Mazanek with a rebound.
18:44 of 2nd period - Slapshot by Darren Dietz.
18:44 of 2nd period - Stopped by Marek Mazanek without a rebound.
18:45 of 2nd period - Zach Aston-Reese wins face-off versus Reid Boucher in Eagles zone.
19:23 of 2nd period - Slapshot by Sam Bennett.
19:23 of 2nd period - Shot Blocked by Jonathan Marchessault.
19:41 of 2nd period - Slapshot by Valeri Nichushkin.
19:41 of 2nd period - Stopped by Marek Mazanek without a rebound.
19:42 of 2nd period - Drake Caggiula wins face-off versus Alan Quine in Eagles zone.
Goals for this period are 2 for Devils vs 1 for Eagles.
Shots for this period are 7 for Devils vs 9 for Eagles.
3rd period
0:01 of 3rd period - Sam Bennett wins face-off versus Jonathan Marchessault in neutral zone.
0:30 of 3rd period - Slapshot by Ryan Murphy.
0:30 of 3rd period - Stopped by Calvin Pickard with a rebound.
0:36 of 3rd period - Snap shot by Ben Hutton.
0:36 of 3rd period - Stopped by Marek Mazanek with a rebound.
0:48 of 3rd period - Wrist shot by Jonny Brodzinski.
0:48 of 3rd period - Stopped by Marek Mazanek without a rebound.
0:49 of 3rd period - Zach Aston-Reese wins face-off versus Brett Howden in Eagles zone.
0:49 of 3rd period - Zach Aston-Reese is hit by Mason Marchment.
0:57 of 3rd period - Wrist shot by Joseph Blandisi.
0:57 of 3rd period - Shot Misses the Net.
0:59 of 3rd period - Wrist shot by Joseph Blandisi.
0:59 of 3rd period - Goal by Joseph Blandisi - Devils : 2 - Eagles : 2.
1:00 of 3rd period - Sam Bennett wins face-off versus Jonathan Marchessault in neutral zone.
2:00 of 3rd period - Off-side.
2:01 of 3rd period - Drake Caggiula wins face-off versus Sam Bennett in neutral zone.
2:28 of 3rd period - Joel Edmundson is hit by Ilya Lyubushkin and loses puck.
2:43 of 3rd period - Minor Penalty to Zach Aston-Reese for Hooking.
2:44 of 3rd period - Daniel Carr wins face-off versus Sam Bennett in Eagles zone.
3:15 of 3rd period - Slapshot by Ben Hutton.
3:15 of 3rd period - Shot Blocked by Ryan Murphy.
3:17 of 3rd period - Slapshot by Alan Quine.
3:17 of 3rd period - Stopped by Marek Mazanek without a rebound.
3:18 of 3rd period - Jonathan Marchessault wins face-off versus Alan Quine in Eagles zone.
3:27 of 3rd period - Slapshot by Darren Dietz.
3:27 of 3rd period - Goal by Darren Dietz - Devils : 3 - Eagles : 2.
3:28 of 3rd period - Jonathan Marchessault wins face-off versus Sam Bennett in neutral zone.
3:41 of 3rd period - Slapshot by Dmitrij Jaskin.
3:41 of 3rd period - Deflect By Logan Shaw.
3:41 of 3rd period - Shot Misses the Net.
3:41 of 3rd period - Puck is out of play.
3:42 of 3rd period - Sam Bennett wins face-off versus Jonathan Marchessault in Devils zone.
3:53 of 3rd period - Slapshot by Sven Baertschi.
3:53 of 3rd period - Shot Blocked by Jonathan Marchessault.
3:55 of 3rd period - Wrist shot by Sven Baertschi.
3:55 of 3rd period - Deflect By Logan Shaw.
3:55 of 3rd period - Shot Misses the Net.
3:55 of 3rd period - Puck is out of play.
3:56 of 3rd period - Jonathan Marchessault wins face-off versus Alan Quine in Eagles zone.
4:26 of 3rd period - Off-side.
4:27 of 3rd period - Jonathan Marchessault wins face-off versus Sam Bennett in neutral zone.
4:30 of 3rd period - Slapshot by Joel Edmundson.
4:30 of 3rd period - Stopped by Calvin Pickard with a rebound.
4:32 of 3rd period - Slapshot by Stefan Elliott.
4:32 of 3rd period - Deflect By Darren Dietz.
4:32 of 3rd period - Stopped by Calvin Pickard with a rebound.
4:34 of 3rd period - Wrist shot by Dmitrij Jaskin.
4:34 of 3rd period - Stopped by Calvin Pickard without a rebound.
4:35 of 3rd period - Sam Bennett wins face-off versus Jonathan Marchessault in Devils zone.
5:29 of 3rd period - Darren Dietz is hit by Matteson Iacopelli and loses puck.
5:50 of 3rd period - Wrist shot by Dmitrij Jaskin.
5:50 of 3rd period - Shot Hit the Post.
6:06 of 3rd period - Slapshot by Ben Hutton.
6:06 of 3rd period - Shot Blocked by Stefan Elliott.
6:08 of 3rd period - Wrist shot by Jonny Brodzinski.
6:08 of 3rd period - Stopped by Marek Mazanek with a rebound.
6:10 of 3rd period - Slapshot by Brandon Carlo.
6:10 of 3rd period - Shot Blocked by Joel Edmundson.
6:38 of 3rd period - Minor Penalty to Joonas Donskoi for Roughing.
6:39 of 3rd period - Sam Bennett wins face-off versus Jonathan Marchessault in Devils zone.
7:04 of 3rd period - Tomas Tatar is hit by Sam Bennett and loses puck.
8:04 of 3rd period - Dmitrij Jaskin is hit by Valeri Nichushkin and loses puck.
8:24 of 3rd period - Icing by Drake Caggiula.
8:25 of 3rd period - Alan Quine wins face-off versus Drake Caggiula in Eagles zone.
8:38 of 3rd period - Penalty to Joonas Donskoi is over, Joonas Donskoi is back on ice.
8:50 of 3rd period - Stefan Elliott is hit by Christian Wolanin.
9:07 of 3rd period - Off-side.
9:08 of 3rd period - Alan Quine wins face-off versus Jared McCann in neutral zone.
9:11 of 3rd period - Snap shot by Brandon Carlo.
9:11 of 3rd period - Shot Misses the Net.
9:42 of 3rd period - Snap shot by Logan Shaw.
9:42 of 3rd period - Shot Blocked by Matteson Iacopelli.
9:44 of 3rd period - Slapshot by Brandon Carlo.
9:44 of 3rd period - Deflect By Logan Shaw.
9:44 of 3rd period - Stopped by Marek Mazanek without a rebound.
9:45 of 3rd period - Sam Bennett wins face-off versus Drake Caggiula in Eagles zone.
9:46 of 3rd period - Wrist shot by Sven Baertschi.
9:46 of 3rd period - Stopped by Marek Mazanek with a rebound.
10:17 of 3rd period - Slapshot by Darren Dietz.
10:17 of 3rd period - Shot Blocked by Joel Edmundson.
10:41 of 3rd period - Wrist shot by Alan Quine.
10:41 of 3rd period - Shot Blocked by Stefan Elliott.
10:43 of 3rd period - Snap shot by Ben Hutton.
10:43 of 3rd period - Shot Blocked by Dmitrij Jaskin.
10:45 of 3rd period - Wrist shot by Brandon Carlo.
10:45 of 3rd period - Deflect By Daniel Carr.
10:45 of 3rd period - Stopped by Marek Mazanek without a rebound.
10:46 of 3rd period - Jonathan Marchessault wins face-off versus Sam Bennett in Eagles zone.
11:57 of 3rd period - Snap shot by Tomas Tatar.
11:57 of 3rd period - Deflect By Matteson Iacopelli.
11:57 of 3rd period - Shot Hit the Post.
11:57 of 3rd period - Puck is out of play.
11:58 of 3rd period - Drake Caggiula wins face-off versus Brett Howden in Devils zone.
12:01 of 3rd period - Snap shot by Tomas Tatar.
12:01 of 3rd period - Stopped by Calvin Pickard with a rebound.
12:03 of 3rd period - Wrist shot by Tomas Tatar.
12:03 of 3rd period - Deflect By Matteson Iacopelli.
12:03 of 3rd period - Shot Blocked by Mason Marchment.
12:03 of 3rd period - Puck is out of play.
12:04 of 3rd period - Jonathan Marchessault wins face-off versus Sam Bennett in Devils zone.
12:10 of 3rd period - Wrist shot by Daniel Carr.
12:10 of 3rd period - Stopped by Calvin Pickard with a rebound.
12:12 of 3rd period - Snap shot by Dmitrij Jaskin.
12:12 of 3rd period - Shot Misses the Net.
12:14 of 3rd period - Slapshot by Connor Carrick.
12:14 of 3rd period - Shot Blocked by Brandon Carlo.
12:16 of 3rd period - Slapshot by Connor Carrick.
12:16 of 3rd period - Stopped by Calvin Pickard without a rebound.
12:17 of 3rd period - Sam Bennett wins face-off versus Jonathan Marchessault in Devils zone.
12:19 of 3rd period - Minor Penalty to Sam Bennett for Hooking.
12:20 of 3rd period - Jonathan Marchessault wins face-off versus Valeri Nichushkin in Devils zone.
13:20 of 3rd period - Icing by Jonathan Marchessault.
13:21 of 3rd period - Valeri Nichushkin wins face-off versus Jonathan Marchessault in Eagles zone.
14:19 of 3rd period - Penalty to Sam Bennett is over, Sam Bennett is back on ice.
14:36 of 3rd period - Jonny Brodzinski is hit by John Ramage and loses puck.
15:05 of 3rd period - Conor Garland is hit by Tomas Tatar and loses puck.
15:33 of 3rd period - Snap shot by Jonny Brodzinski.
15:33 of 3rd period - Stopped by Marek Mazanek without a rebound.
15:34 of 3rd period - Joseph Blandisi wins face-off versus Brett Howden in Eagles zone.
16:01 of 3rd period - Joel Edmundson is hit by Joonas Donskoi.
16:49 of 3rd period - Wrist shot by Logan Shaw.
16:49 of 3rd period - Stopped by Marek Mazanek without a rebound.
16:50 of 3rd period - Sam Bennett wins face-off versus Zach Aston-Reese in Eagles zone.
16:53 of 3rd period - Backhand shot by Sam Bennett.
16:53 of 3rd period - Shot Blocked by Chris Calhan.
16:55 of 3rd period - Slapshot by Ben Hutton.
16:55 of 3rd period - Shot Blocked by Joel Edmundson.
16:57 of 3rd period - Slapshot by Ben Hutton.
16:57 of 3rd period - Stopped by Marek Mazanek without a rebound.
16:58 of 3rd period - Jonathan Marchessault wins face-off versus Sam Bennett in Eagles zone.
17:03 of 3rd period - Snap shot by Daniel Carr.
17:03 of 3rd period - Stopped by Calvin Pickard with a rebound.
17:35 of 3rd period - Slapshot by Ben Hutton.
17:35 of 3rd period - Stopped by Marek Mazanek without a rebound.
17:36 of 3rd period - Jonathan Marchessault wins face-off versus Reid Boucher in Eagles zone.
17:43 of 3rd period - Wrist shot by Daniel Carr.
17:43 of 3rd period - Stopped by Calvin Pickard without a rebound.
17:44 of 3rd period - Jonathan Marchessault wins face-off versus Reid Boucher in Devils zone.
17:53 of 3rd period - Wrist shot by Darren Dietz.
17:53 of 3rd period - Shot Blocked by Dmitrij Jaskin.
17:55 of 3rd period - Slapshot by Dalton Thrower.
17:55 of 3rd period - Stopped by Marek Mazanek with a rebound.
18:05 of 3rd period - Snap shot by John Ramage.
18:05 of 3rd period - Shot Blocked by Darren Dietz.
18:21 of 3rd period - Snap shot by Brett Seney.
18:21 of 3rd period - Shot Misses the Net.
18:23 of 3rd period - Wrist shot by Conor Garland.
18:23 of 3rd period - Shot Misses the Net.
18:27 of 3rd period - Slapshot by Brett Seney.
18:27 of 3rd period - Shot Misses the Net.
18:45 of 3rd period - Eagles, Marek Mazanek is pulled from the net.
18:53 of 3rd period - Slapshot by Dmitrij Jaskin.
18:53 of 3rd period - Stopped by Calvin Pickard with a rebound.
18:55 of 3rd period - Minor Penalty to Reid Boucher for Hooking.
18:56 of 3rd period - Drake Caggiula wins face-off versus Sam Bennett in Devils zone.
18:57 of 3rd period - Snap shot by Tomas Tatar.
18:57 of 3rd period - Goal by Tomas Tatar - Devils : 3 - Eagles : 3.
18:57 of 3rd period - Marek Mazanek from Eagles was sent back in the game.
18:58 of 3rd period - Sam Bennett wins face-off versus Drake Caggiula in neutral zone.
19:13 of 3rd period - Snap shot by Ben Hutton.
19:13 of 3rd period - Shot Blocked by Stefan Elliott.
Goals for this period are 1 for Devils vs 2 for Eagles.
Shots for this period are 13 for Devils vs 12 for Eagles.
Overtime #1
0:01 of 1st overtime period - Daniel Carr wins face-off versus Sam Bennett in neutral zone.
0:10 of 1st overtime period - Wrist shot by Sven Baertschi.
0:10 of 1st overtime period - Stopped by Marek Mazanek with a rebound.
0:12 of 1st overtime period - Slapshot by Ben Hutton.
0:12 of 1st overtime period - Shot Blocked by Stefan Elliott.
0:48 of 1st overtime period - Slapshot by Stefan Elliott.
0:48 of 1st overtime period - Goal by Stefan Elliott - Devils : 3 - Eagles : 4.
Goals for this period are 0 for Devils vs 1 for Eagles.
Shots for this period are 1 for Devils vs 1 for Eagles.